[Event "*** Titled Tuesday Blitz"]
[Site "Chess.com"]
[Date "2021.03.30"]
[Round "10"]
[White "MalyDominator"]
[Black "sokidze"]
[Result "0-1"]
[WhiteElo "2488"]
[BlackElo "2762"]
[TimeControl "180+1"]
[EndTime "11:58:59 PDT"]
[Termination "sokidze won by resignation"]

1. e4 c5 2. Nf3 Nc6 3. d4 cxd4 4. Nxd4 g6 5. c4 Nf6 6. Nc3 d6 7. Be2 Nxd4 8. Qxd4 Bg7 9. Be3 O-O 10. Qd2 a5 11. Rd1 a4 12. Bd4 Qa5 13. O-O Bd7 14. Qe3 Bc6 15. f4 Nd7 16. Kh1 Bxd4 17. Rxd4 Qb6 18.
Rb1 e5 19. fxe5 dxe5 20. Rd3 Qxe3 21. Rxe3 Nc5 22. Nd5 Kg7 23. Kg1 Ne6 24. b4 axb3 25. axb3 Nd4 26. Bf1 Ra3 27. Kf2 f5 28. exf5 Rxf5+ 29.
Kg1 Ra2 30. Bd3 Rg5 31. Be4 Ne2+ 32. Kh1 Nf4 33. g3 Nh3 34. Bg2 Nf2+ 35. Kg1 Ng4 36.
Ree1 Rf5 37. h3 Rff2 38. Be4 Nh6 39. Rf1 Rfe2 40. Rbe1 Rxe1 41. Rxe1 Rb2 42. Re3 Bd7 43. h4 Ng4 44. Rc3 Bf5 45. Bxf5 gxf5 46. b4 e4 47. c5 Kf7 48. c6 bxc6 49. Rxc6 e3 50. Rc1 e2 51.
Re1 Ne5 52. Nf4 Nf3+ 53. Kf2 Nxe1 54. Kxe1 Rxb4 55. Nxe2 Kf6 56. Kf2 Rb3 57. Nf4 Ra3 58. Kg2 Ke5 59. Kf2 h6 60. Kg2 Ke4 61. Kf2 Ra2+ 62. Kf1 Kf3 0-1

[Event "*** Titled Tuesday Blitz"]
[Site "Chess.com"]
[Date "2021.03.30"]
[Round "10"]
[White "Mikhal867"]
[Black "Srisshhhtea"]
[Result "1-0"]
[WhiteElo "2452"]
[BlackElo "2353"]
[TimeControl "180+1"]
[EndTime "11:59:00 PDT"]
[Termination "Mikhal867 won on time"]

1. e4 e6 2. d4 d5 3. e5 c5 4. Qg4 cxd4 5. Nf3 Nc6 6. Bd3 Nge7 7. O-O Ng6 8. Re1 Be7 9. a3 Qc7 10. Bf4 Nxf4 11. Qxf4 h6 12. Nxd4 Nxd4 13. Qxd4 O-O 14. Nc3 a6 15. Qg4 Bd7 16. Re3 f5 17. exf6 Rxf6 18.
Qh5 Be8 19. Qg4 Bf7 20. Rae1 Bc5 21. Rf3 Rxf3 22. Qxf3 Rf8 23. Re2 b5 24. Nd1 Bg6 25. Qh3 Bf7 26. c3 Qf4 27. Ne3 e5 28. Qg3 Qxg3 29.
hxg3 e4 30. Bb1 Rd8 31. Nf5 Be6 32. g4 Kf7 33. Ba2 h5 34. Nd4 Bxd4 35. cxd4 hxg4 36. Rc2 Rc8 37. Rxc8 Bxc8 38. Kf1 Bb7 39. g3 Ke6 40. Ke2 Bc6 41. b4 Be8 42. Ke3 g5 43. Bb1 Bg6 44.
Bc2 Bh5 45. Bd1 Be8 46. Bxg4+ Kd6 47. Bc8 a5 48. bxa5 Kc7 49. Be6 Bc6 50. f4 exf3 51. Kxf3 Kb7 52. Kg4 Ka6 53. Kxg5 Kxa5 54. Kf6 Ka4 55.
g4 Kxa3 56. g5 b4 57. g6 b3 58.
g7 1-0

[Event "*** Titled Tuesday Blitz"]
[Site "Chess.com"]
[Date "2021.03.30"]
[Round "10"]
[White "ChronicUnhappiness"]
[Black "Ave_Mariia"]
[Result "0-1"]
[WhiteElo "2348"]
[BlackElo "2482"]
[TimeControl "180+1"]
[EndTime "11:59:01 PDT"]
[Termination "Ave_Mariia won by resignation"]

1. d3 d5 2. Nf3 Nf6 3. g3 g6 4.
Bg2 Bg7 5. O-O O-O 6. c4 c6 7. cxd5 cxd5 8. Nc3 Nc6 9. Bf4 d4 10. Na4 Nd5 11. Bd2 e5 12. Rc1 f5 13. Ng5 h6 14.
Qb3 Ne7 15. Rxc8 Rxc8 16. Ne6 Qd7 17. Nxf8 Kxf8 18. Bb4 Nxb4 19. Qxb4 Rc7 20. Qb3 Qc8 21. h4 Bf6 22. h5 g5 23. a3 Kg7 24. Qb4 b6 25. b3 Rc2 26. Re1 Qe6 27. Qb5 e4 28.
dxe4 fxe4 29. Qe8 Rc8 30. Qb5 Nf5 31. Nb2 e3 32. Nc4 exf2+ 33. Kxf2 Ne3 34. Nxe3 Qxe3+ 35. Kf1 Rc7 36. Qf5 Rf7 37. Qg6+ Kf8 38. Bf3 Bg7 39. Rd1 Rxf3+ 40. exf3 Qxf3+ 41. Ke1 Qe3+ 42. Kf1 Qf3+ 43. Ke1 Qxg3+ 44. Kf1 Qf3+ 45. Ke1 Be5 46. Qd3 Bg3+ 47. Kd2 Bf4+ 48. Kc2 Qxd3+ 49. Kxd3 Be3 50. Ke4 Kf7 51. Kf5 Kg7 52. a4 Kf7 53. b4 Kg7 54. b5 Kf7 55. Rd3 Kg7 56. Rd1 Kf7 57. Rd3 Bf2 58. Rb3 Be3 59. Rb4 d3 60. Rb3 d2 61.
Rd3 Bf4 62. Rd7+ Ke8 63. Ke6 g4 64. Rd4 g3 65. Rxf4 d1=Q 0-1

[Event "*** Titled Tuesday Blitz"]
[Site "Chess.com"]
[Date "2021.03.30"]
[Round "10"]
[White "Kapibara_Warri0r"]
[Black "Redzishchess"]
[Result "1-0"]
[WhiteElo "2245"]
[BlackElo "2337"]
[TimeControl "180+1"]
[EndTime "11:59:01 PDT"]
[Termination "Kapibara_Warri0r won on time"]

1. e4 c6 2. d4 d5 3. Nc3 dxe4 4. Nxe4 Bf5 5. Ng3 Bg6 6. h4 h6 7. Nf3 Nd7 8. h5 Bh7 9. Bd3 Bxd3 10. Qxd3 e6 11.
Bd2 Ngf6 12. O-O-O a5 13. Ne4 Nxe4 14. Qxe4 Nf6 15. Qe2 Qd5 16. Kb1 Qe4 17. Qc4 b5 18.
Qc3 Bb4 19. Qe3 Bxd2 20. Nxd2 Qxe3 21. fxe3 Ke7 22. e4 Rad8 23. c3 a4 24. Rh4 c5 25. dxc5 Nd7 26. Kc2 Nxc5 27. e5 Rd5 28. Rb4 Nd3 29. Rd4 Nxe5 30. Rxd5 exd5 31. Nf1 Ke6 32. Ne3 Rd8 33. Rd4 Nc4 34. Ng4 f5 35. Nf2 Ne3+ 36. Kd3 Nxg2 37. Rb4 Rb8 38. Ke2 Kf6 39.
Kf3 Ne1+ 40. Ke2 Nc2 41. Rf4 b4 42. c4 dxc4 43. Rxc4 b3 44. axb3 axb3 45. Nh3 Re8+ 46. Kd2 Ne3 47. Rc6+ Kf7 48. Rc7+ Kf6 49. Rc6+ Kf7 50.
Rc7+ Kf8 51. Nf4 Nf1+ 52. Kd1 Ng3 53. Ng6+ Kg8 54. Ne7+ Kh7 55. Rc3 f4 56. Nd5 Nxh5 57. Rxb3 Rd8 58. Rd3 Kh8 59. Nxf4 1-0

[Event "*** Titled Tuesday Blitz"]
[Site "Chess.com"]
[Date "2021.03.30"]
[Round "10"]
[White "frenchpin"]
[Black "chessdiamant"]
[Result "1-0"]
[WhiteElo "2523"]
[BlackElo "2389"]
[TimeControl "180+1"]
[EndTime "11:59:02 PDT"]
[Termination "frenchpin won by checkmate"]

1. e4 c5 2. Nf3 d6 3. d4 cxd4 4. Nxd4 Nf6 5. f3 a6 6. c4 e5 7. Nc2 Be7 8. Nc3 O-O 9. Be2 Nc6 10. O-O Be6 11. b3 Rc8 12. Rf2 h6 13. Bb2 Nh5 14. g3 f5 15. exf5 Bxf5 16. Nd5 Nf6 17. Nce3 Be6 18. Kg2 Nd4 19. Bxd4 exd4 20. Qxd4 Nxd5 21.
Nxd5 Bf6 22. Nxf6+ Rxf6 23. Rd1 Qf8 24. Bd3 Re8 25.
Be4 Kh8 26. Rfd2 Bc8 27. Qe3 Bf5 28. Rd4 Bc8 29. Qd3 Ree6 30. Bd5 Re8 31. b4 Qe7 32.
Be4 Qd7 33. Rxd6 Qh3+ 34. Kg1 Rxd6 35. Qxd6 Bf5 36. Re1 Bxe4 37. Rxe4 Rg8 38. Qe7 Qf5 39. Kg2 Rf8 40. f4 Rf7 41. Qe8+ Rf8 42. Qe6 Qh5 43. a4 Qd1 44. Qe7 Rg8 45. a5 Qc2+ 46. Kh3 Qd1 47.
Re1 Qh5+ 48. Kg2 Qg4 49. Qe6 Qh5 50. Qe5 Qg4 51. b5 Qd7 52. bxa6 bxa6 53. Qd5 Qa4 54. Re2 Qa2 55. Rxa2 Re8 56. Rd2 Kh7 57. Qf5+ g6 58. Qf7+ Kh8 59. Qxe8+ Kh7 60. Rd7# 1-0

[Event "*** Titled Tuesday Blitz"]
[Site "Chess.com"]
[Date "2021.03.30"]
[Round "10"]
[White "kamilianin235"]
[Black "retropwr"]
[Result "0-1"]
[WhiteElo "2274"]
[BlackElo "2433"]
[TimeControl "180+1"]
[EndTime "11:59:02 PDT"]
[Termination "retropwr won by checkmate"]

1. e4 d6 2. d4 Nf6 3. Nc3 e5 4. dxe5 dxe5 5. Qxd8+ Kxd8 6. Bc4 Be6 7. Bxe6 fxe6 8. Nf3 Bd6 9. O-O Ke7 10. b3 a6 11.
Bb2 Nc6 12. Rad1 Rhg8 13. Nb1 b5 14. Nbd2 g5 15. Rc1 g4 16. Ne1 Nd4 17. Bxd4 exd4 18.
Nd3 e5 19. c4 c6 20. Kh1 Rac8 21. f4 gxf3 22. Nxf3 Ke6 23. c5 Bc7 24. Rce1 Rg4 25. h3 Rg7 26. Nh4 Nh5 27. Rf3 Ng3+ 28. Kh2 Rcg8 29.
b4 Rg5 30. Rf2 a5 31. a3 Ra8 32. Rf3 Nh5 33. Rf5 Rxf5 34. Nxf5 axb4 35. axb4 Ra3 36.
Rd1 Nf6 37. g4 Nxe4 38. Kg2 Nc3 39. Rd2 Nd5 40. Rf2 Rxd3 41. Ng7+ Ke7 42. Nf5+ Kd7 43.
Ng7 Nf4+ 44. Kh2 Rxh3+ 45. Kg1 Rg3+ 46. Kf1 Rxg4 47. Nf5 Rg5 48. Ke1 Rxf5 49. Rh2 Rh5 50. Kd2 Rxh2+ 51. Kc1 Rh3 52. Kd1 Rd3+ 53. Ke1 Rb3 54.
Kf1 Rxb4 55. Kg1 Rc4 56. Kf1 Rxc5 57. Kf2 Rd5 58. Ke1 Rd6 59. Kd1 Re6 60. Kd2 Re7 61.
Kd1 Re8 62. Ke1 Rd8 63. Kd1 Rc8 64. Kd2 Rb8 65. Kd1 c5 66. Ke1 Ne6 67. Kd1 Nd8 68. Ke1 Nf7 69. Kd1 Nh6 70. Kd2 Ng8 71. Ke2 Nf6 72. Kd2 Rh8 73. Ke2 Ng8 74. Kd2 h6 75.
Ke2 Bd6 76. Kd2 Bf8 77. Ke2 Ke8 78. Kd2 e4 79. Ke2 c4 80. Kd2 b4 81. Kd1 h5 82.
Kc1 h4 83. Kd1 d3 84. Kc1 e3 85. Kd1 c3 86. Kc1 b3 87. Kd1 h3 88. Ke1 h2 89.
Kd1 h1=Q# 0-1

[Event "*** Titled Tuesday Blitz"]
[Site "Chess.com"]
[Date "2021.03.30"]
[Round "10"]
[White "Alexander_Zubov"]
[Black "seorobert1971"]
[Result "1-0"]
[WhiteElo "2971"]
[BlackElo "2742"]
[TimeControl "180+1"]
[EndTime "11:59:03 PDT"]
[Termination "Alexander_Zubov won on time"]

1. d4 e6 2. c4 d5 3. Nf3 Nf6 4. Nc3 c6 5. e3 Nbd7 6. Qc2 Be7 7. Bd3 O-O 8. O-O a6 9. c5 b6 10. cxb6 c5 11. b3 cxd4 12. exd4 Qxb6 13. Na4 Qb8 14.
Bd2 Bb7 15. Ba5 Rc8 16. Qe2 Qa7 17. b4 Ne4 18. Nc5 Ndxc5 19. bxc5 Bc6 20. Ne5 Bb5 21. f3 Nxc5 22. Bxb5 axb5 23. Bb4 Na4 24. Bxe7 Nc3 25. Qb2 Qxe7 26. a3 Qa7 27. Qf2 b4 28. a4 b3 29. a5 Rab8 30. Nd3 Rc4 31. Rfc1 Qxd4 32. Qxd4 Ne2+ 33. Kf2 Nxd4 34. Rcb1 Rc2+ 35. Kf1 Rd2 36.
Nb2 Nc2 37. Ra4 Ne3+ 38. Kg1 Rxg2+ 39. Kh1 Rc2 40. a6 g6 41. Nd3 Rc6 42. a7 Ra8 43.
Rxb3 Kg7 44. Rb8 Rxa7 45. Rxa7 Rc3 46. Kg1 Rxd3 47. Rbb7 Rd2 48. Rxf7+ Kh6 49. h4 g5 50. Rxh7+ Kg6 51. Rag7+ Kf5 52. Rf7+ Ke5 53. h5 d4 54. h6 d3 55. Rd7 Rg2+ 56. Kh1 d2 57. Rhg7 Rf2 58. h7 Rf1+ 59. Kh2 Rf2+ 60. Kg3 1-0

[Event "*** Titled Tuesday Blitz"]
[Site "Chess.com"]
[Date "2021.03.30"]
[Round "10"]
[White "DanielNaroditsky"]
[Black "Firouzja2003"]
[Result "0-1"]
[WhiteElo "3056"]
[BlackElo "3113"]
[TimeControl "180+1"]
[EndTime "11:59:04 PDT"]
[Termination "Firouzja2003 won on time"]

1. d4 Nf6 2. Nc3 d5 3. Bf4 c5 4. e3 cxd4 5. Nb5 Na6 6. exd4 g6 7. c3 Bg7 8. Nf3 O-O 9. Bd3 Nh5 10. Bg5 Nc7 11. a4 Ne6 12. Be3 Nef4 13. Bf1 a6 14. Na3 Qc7 15. g3 Ne6 16. Bg2 f5 17. O-O Nf6 18. Ne5 Ne4 19. f3 Nf6 20. Qd2 Rd8 21.
Rae1 Bd7 22. Bh6 Qd6 23. a5 Be8 24. Nc2 Rac8 25. Bxg7 Kxg7 26. Nb4 Nf8 27. Nbd3 Bb5 28. Re3 Bxd3 29. Nxd3 N6d7 30. Rfe1 e6 31. Nf4 Re8 32. Bf1 Kf7 33. h4 Qc7 34. b4 Nf6 35. Qf2 Nh5 36. Nxh5 gxh5 37. f4 Nd7 38. Qe2 Nf6 39. Rxe6 Qxc3 40.
Qe5 Qxg3+ 41. Bg2 Qxe1+ 42. Qxe1 Rxe6 43. Qb1 Rg8 44. Kf1 Ne4 45. Qc2 Rc6 46. Qd1 Rg4 47. Bxe4 fxe4 48. Qb3 Rxf4+ 49. Ke2 Rc4 50. Qg3 Rc2+ 51.
Kd1 Rcf2 52. Qg5 Rf1+ 53. Ke2 R4f2+ 54. Ke3 Rf5 55. Qd8 R1f3+ 56. Ke2 Kg6 57. Qe8+ Rf7 58. Qe6+ R3f6 59. Qxd5 Rf2+ 60. Ke3 R2f5 61. Qxe4 Kf6 62. Qc2 Re7+ 63. Kd3 Rf3+ 64. Kc4 Rc7+ 0-1

[Event "*** Titled Tuesday Blitz"]
[Site "Chess.com"]
[Date "2021.03.30"]
[Round "10"]
[White "jcibarra"]
[Black "igorkovalenko"]
[Result "0-1"]
[WhiteElo "2849"]
[BlackElo "2960"]
[TimeControl "180+1"]
[EndTime "11:59:06 PDT"]
[Termination "igorkovalenko won on time"]

1. e4 c5 2. Nc3 Nc6 3. Nf3 e6 4.
d4 cxd4 5. Nxd4 Nf6 6. Ndb5 Bc5 7. Bf4 O-O 8. Bc7 Qe7 9. Bd6 Bxd6 10. Qxd6 Qd8 11.
Nc7 Rb8 12. a4 b6 13. Be2 Rb7 14. N7b5 Ne8 15. Qd2 d6 16. Rd1 Rd7 17. O-O Bb7 18. f4 a6 19. Nd4 Nxd4 20. Qxd4 Nf6 21. Bf3 Qc7 22. Rd3 e5 23. Qe3 Re8 24. fxe5 Rxe5 25. Qd4 Bc6 26. Rfd1 h6 27. h3 Qb7 28. b3 Rc5 29.
Ne2 Rxc2 30. Ng3 b5 31. axb5 Bxb5 32. Re3 Qc7 33. Nf5 Qc5 34. Kh2 Qxd4 35. Rxd4 Ne8 36.
e5 dxe5 37. Rxe5 Nf6 38. Rxd7 Bxd7 39. Nd4 Rd2 40. Ne2 Rd3 41. b4 Rb3 42. Ra5 Bb5 43.
Nd4 Rxb4 44. Nxb5 axb5 45. Ra7 Rb2 46. Rb7 g6 47. Kg3 b4 48. Kf4 Kg7 49. h4 h5 50.
Ke5 Ng8 51. Bd5 Nh6 52. Kd6 Kf6 53. Kc5 Ke5 54. Bxf7 Rxg2 55. Be8 Rc2+ 56. Kb5 Rg2 57.
Rb6 Kf5 58. Kc4 Ng8 59. Bd7+ Ke5 60. Re6+ Kf4 61. Be8 Kf5 62. Bd7 Rg4+ 63. Kb3 Nf6 64. Bc8 Rxh4 65. Rc6+ Kg5 66. Rc5+ Kh6 67. Rc6 Rf4 68.
Be6 g5 69. Bc4 g4 70. Kxb4 g3 71. Kc3 g2 0-1

[Event "*** Titled Tuesday Blitz"]
[Site "Chess.com"]
[Date "2021.03.30"]
[Round "10"]
[White "Alexsur1981"]
[Black "Hikaru"]
[Result "1-0"]
[WhiteElo "2915"]
[BlackElo "3198"]
[TimeControl "180+1"]
[EndTime "11:59:07 PDT"]
[Termination "Alexsur1981 won by resignation"]

1. e4 e5 2. Bc4 Nf6 3. d3 c6 4.
Nf3 Be7 5. O-O d6 6. Nbd2 O-O 7. Re1 Nbd7 8. a3 d5 9. Ba2 Bd6 10. Nf1 h6 11. Ng3 Re8 12. Nh4 Bf8 13. Nhf5 Nc5 14. Qf3 Be6 15. Be3 Na4 16. Bb3 Nc5 17. Ba2 a5 18. h3 b5 19. exd5 Bxd5 20. Bxd5 cxd5 21. Nh5 Nxh5 22. Qxh5 Nd7 23. Qf3 Nf6 24. Bd2 Rc8 25. Rac1 b4 26. axb4 axb4 27. Qg3 Kh7 28. Rxe5 g6 29.
Rxe8 Qxe8 30. Nd6 Bxd6 31. Qxd6 Rc6 32. Qxb4 Qc8 33. Qd4 Nh5 34. Bc3 Re6 35. g3 Nf6 36. Re1 Ra6 37. Kg2 g5 38. Qe3 Kg6 39. Qf3 d4 40.
Bxd4 Qxc2 41. Bc3 Qa4 42. Re5 Qc6 43. Qxc6 Rxc6 44. Kf3 Rd6 45. Ke2 Nd5 46. Re4 f6 47.
Rd4 Kf5 48. Kd2 Ke6 49. Re4+ Kd7 50. Rc4 Rb6 51. h4 Rb7 52. hxg5 hxg5 53. Rd4 Ke6 54.
Ra4 Rb6 55. Ra8 Rc6 56. Re8+ Kf5 57. Re4 Rc8 58. g4+ Kg6 59. Rc4 Rb8 60. b4 Kf7 61. Kc2 Re8 62. Bd4 Re2+ 63. Kb3 Rd2 64. Rc5 Nf4 65.
Be3 Rxd3+ 66. Kc4 Rd1 67. Bxf4 gxf4 68. Rf5 Rc1+ 69. Kb5 Kg6 70. Rxf4 Kg5 71. Rf5+ Kg6 72. f3 Rc3 73. Kb6 Kf7 74. b5 Ke6 75. Kb7 Rc1 76.
b6 Rc2 77. Kb8 Rc1 78. b7 Rc2 1-0

[Event "*** Titled Tuesday Blitz"]
[Site "Chess.com"]
[Date "2021.03.30"]
[Round "10"]
[White "iamnotIM"]
[Black "Volodar_Murzin"]
[Result "0-1"]
[WhiteElo "2612"]
[BlackElo "2769"]
[TimeControl "180+1"]
[EndTime "11:59:07 PDT"]
[Termination "Volodar_Murzin won by resignation"]

1. Nf3 Nf6 2. b3 g6 3. Bb2 Bg7 4. c4 O-O 5. g3 d6 6. Bg2 e5 7. O-O Nc6 8. d4 e4 9. Ne1 Bf5 10. Nc2 Qd7 11. Ne3 Bh3 12. d5 Ne5 13. Bxe5 dxe5 14. Nd2 Bh6 15. Qc2 Bxe3 16. fxe3 Bxg2 17.
Rxf6 Bh3 18. Nxe4 Kg7 19. Rf2 Bf5 20. Nc5 Qe7 21. e4 Bg4 22. Nd3 h5 23. Qc3 f6 24. c5 h4 25. Qd2 Rh8 26. Raf1 Raf8 27. Qe3 Bh3 28. Rc1 Rh5 29. b4 Rfh8 30. d6 cxd6 31.
cxd6 Qxd6 32. Qxa7 hxg3 33. Qxb7+ Bd7 34. hxg3 Rh1+ 35.
Kg2 Rxc1 36. Nxc1 Qd1 37. Rf1 Qd2 38. Rf2 g5 39. Nd3 Rd8 40. Qb6 Rf8 41. Qd6 Rf7 42.
Qd5 Qc3 43. b5 Bc8 44. Nc5 Qb4 45. a4 Rc7 46. Ne6+ Bxe6 47. Qxe6 Qxe4+ 48. Kh2 Rf7 49.
b6 Kg6 50. Qh3 Rh7 51. Qxh7+ Kxh7 52. a5 Kg6 53. a6 Qe3 54. Kg2 Qxb6 55. Rf3 Qxa6 56.
Rf2 Qb6 57. Rf3 Qc6 58. Kf2 g4 59. Re3 Qh1 60. Rd3 Qh2+ 61. Ke1 e4 62. Kd2 exd3 0-1

[Event "*** Titled Tuesday Blitz"]
[Site "Chess.com"]
[Date "2021.03.30"]
[Round "10"]
[White "Gentlejimmy7"]
[Black "DenisQ"]
[Result "0-1"]
[WhiteElo "2506"]
[BlackElo "2649"]
[TimeControl "180+1"]
[EndTime "11:59:07 PDT"]
[Termination "DenisQ won on time"]

1. d4 d5 2. g3 Nf6 3. Bg2 Bf5 4.
Nf3 e6 5. c4 c6 6. Qb3 Qb6 7.
c5 Qc7 8. Bf4 Qc8 9. Nc3 Nbd7 10.
O-O h6 11. Ne5 Be7 12. Rfe1 O-O 13. Rac1 Nxe5 14. Bxe5 b6 15. cxb6 axb6 16. Na4 Qa6 17. Nxb6 Qxa2 18. Qd1 Ra6 19. Ra1 Qxa1 20. Qxa1 Rxa1 21.
Rxa1 Ng4 22. Bc7 c5 23. h3 Nf6 24. dxc5 Bxc5 25. Na4 Ra8 26. b3 Ne4 27. e3 Nd2 28. Rd1 Nxb3 29. e4 Bxe4 30. Bxe4 dxe4 31. Nxc5 Nxc5 32.
Rd4 Ra4 33. Rd8+ Kh7 34. Bd6 Rd4 35. Rc8 Rxd6 36. Rxc5 f5 37. Kf1 Kg6 38. Ke2 Kf6 39. h4 Ra6 40. Rc8 Ra2+ 41. Ke3 Ra3+ 42. Ke2 g5 43.
hxg5+ hxg5 44. Rc5 Ra2+ 45. Ke3 Ra3+ 46. Ke2 f4 47.
gxf4 gxf4 48. Rh5 Ra2+ 49. Ke1 f3 50. Rb5 Ra1+ 51. Kd2 Ra2+ 52. Ke1 e3 53. fxe3 Re2+ 54. Kf1 Rxe3 55. Kf2 Rc3 56. Rh5 e5 57. Rh4 Kf5 58. Rb4 e4 59. Rb8 Rc2+ 60. Kg3 Rg2+ 61. Kh3 e3 62. Rf8+ Ke4 63. Re8+ Kd3 64. Rd8+ Ke2 65.
Ra8 Rg8 66. Ra2+ Ke1 67. Ra1+ Kf2 0-1

[Event "*** Titled Tuesday Blitz"]
[Site "Chess.com"]
[Date "2021.03.30"]
[Round "10"]
[White "WiktoriaPOL"]
[Black "ahmad_alkhatib11"]
[Result "1-0"]
[WhiteElo "2057"]
[BlackElo "2184"]
[TimeControl "180+1"]
[EndTime "11:59:07 PDT"]
[Termination "WiktoriaPOL won on time"]

1. e4 c5 2. d4 cxd4 3. c3 g6 4. cxd4 Bg7 5. Nc3 d6 6. Nf3 Nf6 7. Bf4 O-O 8. Be2 Bg4 9. O-O Nc6 10. h3 Bxf3 11. Bxf3 Nd7 12. Be3 e5 13. d5 Nd4 14.
Bxd4 exd4 15. Ne2 d3 16. Qxd3 Bxb2 17. Rab1 Bg7 18. Rfc1 Nc5 19. Qe3 Qh4 20. Qf4 Qxf4 21. Nxf4 Bh6 22. g3 g5 23. Nh5 g4 24. Bxg4 Bxc1 25.
Rxc1 Nxe4 26. Rc4 f5 27. Be2 Rac8 28. Rb4 b6 29. f3 Rc2 30. Bd3 Rc1+ 31. Kg2 Nc5 32.
Bb1 Re8 33. Nf6+ Kf7 34. Nxe8 Kxe8 35. Bxf5 Ra1 36. Rb2 h6 37. Re2+ Kf7 38. Bc2 Rc1 39. f4 b5 40. g4 a5 41. f5 Nd7 42. Bd3 b4 43. Bb5 Ne5 44. Ba4 Ra1 45. Bb3 Kf6 46.
Kg3 Rc1 47. Kf4 Rf1+ 48. Kg3 Rf3+ 49. Kg2 Rc3 50. h4 Nd3 51. Re6+ Kg7 52. Rxd6 Nf4+ 53. Kf2 Nh3+ 54. Kg2 Nf4+ 55. Kf1 Rd3 56. Rd7+ Kf6 57. Rd6+ Ke5 58. Rxh6 Ke4 59. Rh8 Kf3 60. Re8 Rc3 61.
f6 1-0

[Event "*** Titled Tuesday Blitz"]
[Site "Chess.com"]
[Date "2021.03.30"]
[Round "10"]
[White "tsaruk_maks"]
[Black "Vanina1989"]
[Result "1-0"]
[WhiteElo "2640"]
[BlackElo "2754"]
[TimeControl "180+1"]
[EndTime "11:59:12 PDT"]
[Termination "tsaruk_maks won by resignation"]

1. e4 c6 2. d4 d5 3. Nd2 dxe4 4. Nxe4 Nf6 5. Nxf6+ exf6 6. c3 Bd6 7. Bd3 O-O 8.
Qc2 Re8+ 9. Ne2 h5 10. O-O h4 11.
h3 Nd7 12. Re1 Nf8 13. c4 Be6 14. Be3 Rc8 15. Nf4 Bb8 16. Qe2 Qc7 17. Qh5 Bd7 18. Qxh4 g5 19. Qg3 Rxe3 20. fxe3 Ng6 21. Rf1 gxf4 22.
exf4 f5 23. Qg5 Qd8 24. Bxf5 Bxf4 25. Qg4 Bxf5 26. Qxf5 Qxd4+ 27. Kh1 Rf8 28. Rad1 Qxc4 29. b3 Qb4 30. Rd7 a5 31. g3 Qc3 32. gxf4 Qg3 33.
Qg4 Qxg4 34. hxg4 b5 35. Kg2 Re8 36. Kg3 Kg7 37. Rd6 c5 38. Rf3 c4 39. bxc4 bxc4 40.
Rc6 Re4 41. a4 c3 42. Rcxc3 Rxa4 43. Ra3 Rb4 44. Rxa5 Ne7 45. Rg5+ Kf8 46. Re5 Nc6 47. Rc5 Nd4 48. Re3 Ne6 49. Rf5 Kg7 50. g5 Rb1 51.
Rf6 Rg1+ 52. Kf2 Rg4 53. Kf3 Rh4 54. Rfxe6 fxe6 55. Rxe6 Kf7 56. Rf6+ Kg7 57. Ke4 Rh1 58. Kf5 Ra1 59. Re6 Ra5+ 60. Re5 Ra6 61. Re7+ Kf8 62. Rb7 Rc6 63. Kg4 Rc4 64. g6 Kg8 65. Kg5 Rc1 66. f5 Rc6 67. Kh6 Rc8 68. Rg7+ Kh8 69. Rh7+ Kg8 70.
f6 1-0

[Event "*** Titled Tuesday Blitz"]
[Site "Chess.com"]
[Date "2021.03.30"]
[Round "10"]
[White "scarabee43"]
[Black "Nayemhaque22"]
[Result "1-0"]
[WhiteElo "2596"]
[BlackElo "2399"]
[TimeControl "180+1"]
[EndTime "11:59:17 PDT"]
[Termination "scarabee43 won by checkmate"]

1. d4 d5 2. c4 c6 3. Nc3 Nf6 4. e3 e6 5. Nf3 Nbd7 6. Bd3 dxc4 7. Bxc4 b5 8. Bd3 Bd6 9. O-O O-O 10. e4 e5 11. dxe5 Nxe5 12. Nxe5 Bxe5 13. h3 Re8 14. Be3 Bb7 15. Re1 Bxc3 16. bxc3 Nxe4 17. Qc2 c5 18. Rad1 Qa5 19. c4 bxc4 20. Bxc4 Qb6 21. Rb1 Qc7 22. Bd3 Bd5 23. Rbd1 c4 24. Bf1 Rad8 25. Rd4 Nf6 26. Red1 Be6 27. Rxd8 Rxd8 28. Bf4 Qb6 29. Rxd8+ Qxd8 30.
Bxc4 Bxc4 31. Qxc4 h6 32. Be3 Qa5 33. a4 a6 34. g3 Qe1+ 35. Kg2 Qa5 36. Kh2 h5 37. Bd4 Nd5 38. Qc8+ Kh7 39. Qf5+ Kg8 40. Qxh5 Qd8 41.
Qg4 Nf6 42. Qf4 Nd5 43. Qe5 Nf6 44. g4 Qd7 45. g5 Ne8 46. h4 Qxa4 47. h5 Qc6 48. h6 f6 49. Qf5 fxg5 50. h7+ Kh8 51. Be3 Qh6+ 52. Kg2 Nf6 53. Bxg5 Qxh7 54. Qc8+ Qg8 55.
Qxa6 Qd5+ 56. Kf1 Qxg5 57. Qc8+ Kh7 58. Qh3+ Kg6 59. Qd3+ Qf5 60. Qg3+ Ng4 61. f3 Qxf3+ 62. Qxf3 Ne5 63. Qe4+ Kf6 64. Kg2 Nf7 65. Kg3 Ng5 66.
Qf4+ Kg6 67. Kg4 Nh7 68. Qf5+ Kh6 69. Qh5# 1-0

[Event "*** Titled Tuesday Blitz"]
[Site "Chess.com"]
[Date "2021.03.30"]
[Round "10"]
[White "liczner"]
[Black "Msb2"]
[Result "1-0"]
[WhiteElo "2846"]
[BlackElo "2914"]
[TimeControl "180+1"]
[EndTime "11:59:19 PDT"]
[Termination "liczner won by resignation"]

1. e4 e6 2. d4 d5 3. Nd2 c5 4.
Ngf3 cxd4 5. exd5 Qxd5 6. Bc4 Qd6 7. O-O Nf6 8. Nb3 Nc6 9. Nbxd4 Nxd4 10. Qxd4 Qxd4 11.
Nxd4 Bd7 12. Be2 Bc5 13. Nb3 Bb6 14. Bf3 O-O-O 15. Bd2 Ba4 16. Ba5 Kc7 17. Rfd1 Bc6 18.
Bxc6 Kxc6 19. Kf1 Bxa5 20. Nxa5+ Kc7 21. Nc4 Nd5 22. Ne5 Rhf8 23. c4 Nf6 24. Rxd8 Rxd8 25.
Ke2 Rd4 26. f3 Nd7 27. Ke3 Rh4 28. Nxf7 Rxh2 29. Kf2 Rh5 30. Rd1 b5 31. Nd6 bxc4 32. Ne8+ Kc8 33. Nxg7 Re5 34. Ne8 h5 35. Nd6+ Kc7 36.
Nxc4 Rc5 37. Ne3 Nf6 38. b3 Rc3 39. Rd4 Kb7 40. Rb4+ Ka6 41. Ra4+ Kb6 42. Nc4+ Kc5 43. Rxa7 h4 44. Re7 Rc2+ 45. Kg1 Nd5 46. Rxe6 Nf4 47. Re5+ Kb4 48. Re4 Rc1+ 49. Kh2 Nd3 50. Ne5+ Kc3 51. Rc4+ Kd2 52. Nxd3 Ra1 53. Nf4 Rxa2 54. Nh3 Kd3 55. Rxh4 Rb2 56. Rg4 Ke3 57. Nf4 Rxb3 58. Nd5+ Kd3 59.
Re4 Rb5 60. Nf4+ Kd2 61. Re2+ Kc3 62. Re4 Kd2 63. g4 Kc3 64. Kg3 Rb1 65. Nh3 Kd3 66.
g5 Rb6 67. Rf4 Kc2 68. Rf6 Rb5 69. g6 Rb7 70. Rf7 Rb6 71. Nf4 Rxg6+ 72. Nxg6 1-0

[Event "*** Titled Tuesday Blitz"]
[Site "Chess.com"]
[Date "2021.03.30"]
[Round "10"]
[White "zacachess"]
[Black "Baron_von_Koenig"]
[Result "1-0"]
[WhiteElo "2388"]
[BlackElo "2527"]
[TimeControl "180+1"]
[EndTime "11:59:19 PDT"]
[Termination "zacachess won by resignation"]

1. e4 b6 2. d4 Bb7 3. Bd3 Nf6 4.
Qe2 Nc6 5. c3 e5 6. d5 Ne7 7.
Nf3 d6 8. O-O Ng6 9. c4 Be7 10.
Nc3 O-O 11. Rb1 Nh5 12. g3 Bc8 13. Ne1 Nf6 14. Ng2 Bh3 15. Re1 Qd7 16. Ne3 a5 17.
Nf5 Bd8 18. b3 Ne7 19. Nh4 g6 20. f4 exf4 21. Bxf4 Re8 22. Qd2 Nh5 23. e5 Nxf4 24.
Qxf4 Nc8 25. Nf3 Qg4 26. Nb5 Qxf4 27. gxf4 Bd7 28. Nbd4 Bg4 29. Kf2 dxe5 30. fxe5 Ne7 31. e6 fxe6 32. Nxe6 Bxe6 33. Rxe6 Nf5 34. Rbe1 Rxe6 35.
Rxe6 Kf7 36. Ne5+ Kf8 37. Bxf5 gxf5 38. Nc6 Bh4+ 39. Kf3 Kf7 40. Kf4 Rg8 41. Re2 Rg7 42. Kxf5 Rg5+ 43. Kf4 Rg1 44. Ne5+ Kf6 45. Nf3 Rf1 46.
Kg4 Bf2 47. Re6+ Kf7 48. Rc6 Bc5 49. Rxc7+ Kg6 50. Rc6+ Kg7 51. Ne5 Rg1+ 52. Kf5 Rf1+ 53. Ke6 Rf6+ 54. Kd7 Rf2 55. Kc7 Rxa2 56. Rxc5 Rd2 57.
d6 bxc5 58. d7 Kf6 59. Nc6 Kf5 60. d8=Q Rxd8 61. Kxd8 Ke4 62. Nxa5 Kd3 63. Kc7 Kc3 64.
Kc6 Kb4 65. Nb7 Kxb3 66. Nxc5+ Kc3 67. Kd5 h5 68. Ne4+ 1-0

[Event "*** Titled Tuesday Blitz"]
[Site "Chess.com"]
[Date "2021.03.30"]
[Round "10"]
[White "GelmanAlexander"]
[Black "Vaathi_Coming"]
[Result "0-1"]
[WhiteElo "2649"]
[BlackElo "2801"]
[TimeControl "180+1"]
[EndTime "11:59:21 PDT"]
[Termination "Vaathi_Coming won on time"]

1. d4 c5 2. d5 Nf6 3. Nc3 g6 4. e4 d6 5. f4 Bg7 6. Nf3 O-O 7.
e5 Nfd7 8. h4 dxe5 9. h5 Qb6 10.
a4 Na6 11. a5 Qc7 12. g3 Nb4 13.
Bc4 a6 14. hxg6 hxg6 15. Qe2 b5 16. axb6 Qxb6 17. Qh2 Nf6 18. fxe5 Nh5 19. Qh4 Nxc2+ 20. Kd1 Nxa1 21. g4 Bxg4 22. Qxg4 Nb3 23. d6 e6 24.
Rxh5 gxh5 25. Qxh5 Rfd8 26. Bh6 Rxd6+ 27. exd6 Qxd6+ 28. Kc2 Nd4+ 29. Nxd4 Qxd4 30. Bxg7 Kxg7 31. Bd3 Rd8 32. Qg5+ Kf8 33. Qh6+ Ke8 34. Bxa6 Rb8 35. Bb5+ Rxb5 36. Nxb5 Qa4+ 37. b3 Qxb5 38. Qh8+ Ke7 39.
Qh4+ Kd7 40. Qf6 Qe2+ 41. Kc3 Qe3+ 42. Kc2 Qe4+ 43. Kc1 Qf5 44. Qh8 Qf1+ 45. Kc2 Qf2+ 46.
Kc1 Qe1+ 47. Kc2 Qe2+ 48. Kc1 Qe3+ 49. Kc2 Qe4+ 50. Kc1 Qd4 51. Qf8 Qc3+ 52. Kb1 Qxb3+ 53. Kc1 Qc3+ 54. Kb1 Qb4+ 55. Kc1 Qc4+ 56. Kb1 f5 57. Qf7+ Kd6 58. Qf8+ Kd5 59. Qd8+ Ke4 60. Qh4+ f4 61. Qh7+ Ke3 62. Qh3+ f3 63. Qh6+ Ke2 64. Qh5 Qb3+ 65. Kc1 Qc3+ 66. Kb1 Qb4+ 67. Kc1 Qf4+ 68. Kb1 Qf5+ 0-1